AoeStats
← ANKR.Tank20089

Four Lakes

510243401Analyzed
1v1 RM · 12h ago on Sep 30, 2026· 39m 4s· 2 players
Game mode
Random Map
Map size
Tiny (2 player)
Population
200
Speed
Normal
Resources
Standard
Victory
Conquest
Starting age
Dark Age
Ending age
Imperial Age
RankedLock teamsTeams togetherTeam positionsShared explorationLock speedFull tech treeHidden civsTurbo modeCheats
Victory
Defeat
🇹🇼 Armenians · Taiwan
2192
+6
🇻🇳 Persians · Vietnam
1949
-6
HT229
10:07 Feudal Age
10:29 Double-Bit Axe
10:28 Fishing Lines
13:35 Loom
17:27 Castle Age
15:17 Fletching
16:56 Padded Archer Armor
18:17 Bow Saw
20:00 Bodkin Arrow
22:36 Leather Archer Armor
24:10 Medium Warships
24:47 Ballistics
26:00 Elite Skirmisher
35:54 Wheelbarrow
35:00 Horse Collar
35:11 Gold Mining
39:52 Imperial Age
ANKR.Tank20089
6:42 Loom
9:29 Feudal Age
9:37 Man-at-Arms
10:58 Double-Bit Axe
15:18 Fletching
16:12 Fishing Lines
21:30 Castle Age
19:48 Gold Mining
21:13 Forging
22:26 Bow Saw
22:51 Gold Shaft Mining
22:25 Crossbowman
23:04 Bodkin Arrow
23:44 Ballistics
23:47 Medium Warships
24:05 Gillnets
26:19 Padded Archer Armor
28:37 Scale Mail Armor
31:59 Imperial Age
30:07 Wheelbarrow
29:49 Elite Skirmisher
33:17 Horse Collar
34:22 Leather Archer Armor
37:24 Imperial Age
36:15 Chain Mail Armor
36:43 Sanctity
38:13 Bracer
39:38 Chemistry
39:36 Plate Mail Armor
Connection lost

Rejoining the realm…

Still unreachable

The connection could not be restored.

Session expired

The server has moved on; the page needs a fresh start.